 Dungeon Crawl Stone Soup version 0.28-a0-556-gab23d0e057 (webtiles) character file.

Game seed: 15364331635939726417

59 flyleaff the Magician (level 4, -8/34 HPs)
             Began as a Djinni Ice Elementalist on Sept 28, 2021.
             Mangled by a polar bear (20 damage)
             ... created by the rage of Trog
             ... on level 2 of the Dungeon.
             The game lasted 00:05:04 (2152 turns).

flyleaff the Magician (Djinni Ice Elementalist)     Turns: 2152, Time: 00:05:04

Health: -8/34      AC:  3    Str:  7    XL:     4   Next: 22%
Gold:   94         EV: 12    Int: 18    God:
                   SH:  0    Dex: 13

rFire   + + +      SeeInvis .   f - +3 dagger (flame)
rCold   x x .      Faith    .   (no shield)
rNeg    . . .      Spirit   .   a - +0 robe
rPois   ∞          Reflect  .   b - +0 helmet
rElec   .          Harm     .   (no cloak)
rCorr   .          Rampage  .   (no gloves)
Will    .....                   (boots unavailable)
Stlth   ++........              (no amulet)
HPRegen 0.11/turn               e - ring of fire
MPRegen 0.00/turn               (no ring)

@: freezing walls, flying, slowed, very slow
A: sickness immunity, fire resistance 2, cold vulnerability 1, float, innate
caster, hp casting, extra vitality 1
a: no special abilities


You were on level 2 of the Dungeon.
You visited 1 branch of the dungeon, and saw 2 of its levels.

You collected 94 gold pieces.

Inventory:

Hand Weapons
 f - a +3 dagger of flaming (weapon)
Armour
 a - a +0 robe (worn)
 b - a +0 helmet (worn)
Jewellery
 e - a ring of fire (left hand)
Potions
 c - a potion of invisibility {unknown}
 d - a potion of flight {unknown}
 h - a potion of brilliance {unknown}


   Skills:
 + Level 2.5 Fighting
 - Level 2.1 Dodging
 - Level 1.5 Stealth
 - Level 3.7 Spellcasting


You couldn't memorise any spells.
You knew the following spells:

 Your Spells              Type           Power      Damage    Failure   Level
a - Freeze                Ice            64%        1d8       3%          1
b - Frozen Ramparts       Ice            32%        1d5       10%         3
c - Ozocubu's Armour      Ice            16%        N/A       10%         3
d - Hailstorm             Conj/Ice       16%        3d6       32%         4
e - Animate Skeleton      Necr           32%        N/A       3%          1
Your spell library was empty.

Dungeon Overview and Level Annotations

Branches:
Dungeon (2/15)

Altars:
Trog


Innate Abilities, Weirdness & Mutations

You are immune to sickness and miasma.
You are immune to poison.
Your flesh is very heat resistant. (rF++)
You are vulnerable to cold. (rC-)
You float through the air rather than walking.
You learn spells naturally, not from books.
Your magical power is your life essence.
You have superior vitality. (+4 HP)


Message History

Casting: Frozen Ramparts (quite dangerous; 10% risk of failure)
Press: ? - help, Dir - look around, f - activate The walls around you are covered in ice.
The wall freezes the ball python.
The ball python seems to slow down.
The wall freezes the ball python.
You kill the ball python!
You start resting.
The frozen ramparts melt away.
HP restored.
An adder comes into view.
The adder hisses angrily.
The adder misses you.
You completely miss the adder. The adder bites you.
You hit the adder. You burn the adder.
The adder is moderately wounded.
The adder closely misses you.
You hit the adder. You burn the adder.
The adder is almost dead.
The adder bites you.
You hit the adder. You burn the adder.
You kill the adder!
Trog sends monsters to punish you.
The divine experience drains your vigour!
You feel yourself slow down. 2 polar bears and 3 black bears come into view.
Unknown command.
As you read the scroll labelled NUGGOTW IT JUE, it crumbles to dust.
You feel aware of your surroundings.
It was a scroll of magic mapping.
Casting: Frozen Ramparts (quite dangerous; 10% risk of failure)
Confirm with . or Enter, or press ? or * to list all spells.
The spell is quite dangerous to cast (10% risk of failure)!
Continue anyway?
Casting: Frozen Ramparts (quite dangerous; 10% risk of failure)
Press: ? - help, Dir - look around, f - activate The walls around you are covered in ice.
The wall freezes the black bear.
The black bear bites you!
The black bear claws you. x2; The wall freezes the black bear. x2
The polar bear resists.
The wall freezes the polar bear.
The polar bear bites you!!
Ouch! That really hurt!
You die...

####.....#.#......#.....####.....
...#....>..#......###...# #†....
...#.....###......# #...# #.....
...#.....# #.###### #...# #..)..
...#.....# #.# ##### #.....
..#......# #.# #..... P.#......#
#.# ###### ###### ..######## #.#
#h†h.# ##.# #.# #@#*,* #.##
###.###h#*,* *## ..# #.....hh#*,*
*.. #.# #......##*,****** *..
#.########......#,,,,,,,,* *..
...<.....#......#,,,,,,,,* *##
...#####.#......#,,,,,,,,*
...#####.########,,,,,,,,*
.......#.# *,,,,,,,,*


You could see 2 polar bears and 3 black bears.

Vanquished Creatures
  2 adders (D:2)
  A worm (D:2)
  4 dart slugs
  2 ball pythons
  5 endoplasms
  A goblin (D:1)
  4 hobgoblins
  2 jackals (D:1)
  3 quokkas
  2 frilled lizards (D:2)
  2 rats
28 creatures vanquished.

Vanquished Creatures (others)
  9 demonic plants (D:2)
  5 fungi (D:2)
  2 plants (D:2)
  A withered plant (D:2)
17 creatures vanquished.

Grand Total: 45 creatures vanquished

Notes
Turn   | Place    | Note
-------+----------+-------------------------------------------
     0 | D:1      | flyleaff the Djinni Ice Elementalist began the quest for
                  | the Orb.
     0 | D:1      | Reached XP level 1. HP: 15/15 MP: 0/0
   291 | D:1      | Reached skill level 1 in Fighting
   291 | D:1      | Reached XP level 2. HP: 22/22 MP: 0/0
   936 | D:2      | Reached XP level 3. HP: 26/27 MP: 0/0
   936 | D:2      | Learned a level 1 spell: Animate Skeleton
  1306 | D:2      | Found a faded altar of an unknown god.
  1906 | D:2      | Became a worshipper of Trog the Wrathful
  1906 | D:2      | Reached * piety under Trog
  1908 | D:2      | Fell from the grace of Trog
  1936 | D:2      | Reached XP level 4. HP: 16/33 MP: 0/0
  2151 | D:2      | Noticed a polar bear
  2151 | D:2      | Noticed a polar bear
  2151 | D:2      | Noticed a black bear
  2151 | D:2      | Noticed a black bear
  2151 | D:2      | Noticed a black bear
  2152 | D:2      | Mangled by a polar bear

Illustrated notes

Levels and vault maps discovered:
D:1:      dpeg_arrival_ternary, layout_loops_ring
D:2:      layout_basic, shapermc_ecumenical_altar_gd

Skill      XL: |  1  2  3 |
---------------+----------+-----
Fighting       | 1 2 |  2.5
Dodging        | |  2.1
Stealth        | |  1.5
Spellcasting   | |  3.7

Action                   |  1- 3 |  4- 6 || total
-------------------------+-------+-------++-------
Melee: Dagger            |    52 |     4 ||    56
 Cast: Freeze            |    11 |       ||    11
       Frozen Ramparts   |     2 |     2 ||     4
       Animate Skeleton  |     1 |       ||     1
Invok: Renounce Religion |     1 |       ||     1
  Use: Scroll            |     2 |     1 ||     3
 Stab: Sleeping          |     4 |       ||     4
Armor: Robe              |     7 |       ||     7
Dodge: Dodged            |    28 |     2 ||    30

Table legend: (Time is in decaauts)
 A = Elapsed time spent in this place.
 B = Non-inter-level travel time spent in this place.
 C = Inter-level travel time spent in this place.
 D = Time resting spent in this place.
 E = Time spent auto-exploring this place.
 F = Levels seen in this place.
 G = Mean time per level.
                   A        B        C        D        E       F      G
               +--------+--------+--------+--------+--------+-----+--------+
         Total |   2151 |   2073 |     78 |      6 |   1833 |   2 | 1075.5 |
       Dungeon |   2151 |   2073 |     78 |      6 |   1833 |   2 | 1075.5 |
               +--------+--------+--------+--------+--------+-----+--------+

Top non-repeatable levels by time:
     D:2: 1224 daAuts
     D:1: 927 daAuts
